 Dungeon Crawl Stone Soup version 0.31-a0-971-g75a2e9a4b4 (webtiles) character file.

Game seed: 14159086892873829228

21844 Arex the Fighter (level 12, -3/113 HPs)
             Began as a Pale Draconian Fighter on Oct 29, 2023.
             Was a High Priest of Ru.
             Slain by a komodo dragon (23 damage)
             ... on level 2 of the Lair of Beasts.
             The game lasted 00:29:06 (17144 turns).

Arex the Fighter (Pale Draconian Fighter)          Turns: 17144, Time: 00:29:07

Health: -3/113     AC: 12    Str: 18    XL:     12   Next: 57%
Magic:  10/12      EV: 17    Int:  9    God:    Ru [*****.]
Gold:   91         SH:  0    Dex: 15    Spells: 11/11 levels left

rFire   . .          .
                       - Unarmed
rCold   . . .        (shield unavailable)
rNeg    + . .        (body armour unavailable)
rPois   +            y - +1 hat
rElec   .            t - +2 ratskin cloak {*Rats rPois rN+ Str-1 Int-1 Dex+1}
rCorr   .            (no gloves)
SInv    +            (no boots)
Will    .....        (no amulet) Stlth
                     (ring unavailable)
HPRegen 0.38/turn    J - ring "Noxzofes" {Slay+4 SInv}
MPRegen 0.13/turn

%: no passive effects
@: no status effects
A: breathe steam, AC +8, unfitting armour, cold-blooded, missing a hand, no
stealth, hated by all, disrupted magic 1, steam resistance
a: Breathe Steam, Renounce Religion, Draw Out Power, Power Leap, Apocalypse


You were on level 2 of the Lair of Beasts.
You worshipped Ru.
Ru was extremely pleased with you.
You visited 4 branches of the dungeon, and saw 16 of its levels.

You collected 1161 gold pieces.
You spent 1070 gold pieces at shops.

Inventory:

Armour
 a - a +0 buckler
 t - the +2 ratskin cloak (worn) {*Rats rPois rN+ Str-1 Int-1 Dex+1}
   (You found it on level 7 of the Dungeon)

   *Rats:     When the wearer is hurt, rats may emerge from it to assist them.
   Str-1:     It affects your strength (-1).
   Int-1:     It affects your intelligence (-1).
   Dex+1:     It affects your dexterity (+1).
   rPois:     It protects you from poison rN+: It protects you from negative
   energy.
 u - a scarf of repulsion
 y - a +1 hat (worn)
Jewellery
 l - a ring of wizardry
 D - a ring of positive energy
 G - a ring of see invisible
 J - the ring "Noxzofes" (right hand) {Slay+4 SInv}
   (You bought it in a shop on level 8 of the Dungeon)

   [ring of slaying]

   Slay+4:    It affects your accuracy & damage with ranged weapons and melee
   (+4).
   SInv:      It lets you see invisible.
Wands
 v - a wand of mindburst (4)
 A - a wand of paralysis (4)
 C - a wand of flame (25)
Scrolls
 b - 3 scrolls of poison
 c - a scroll of teleportation
 d - 2 scrolls of immolation
 e - 3 scrolls of vulnerability
 g - a scroll of revelation {unknown}
 j - a scroll of amnesia {unknown}
 k - a scroll of fear
 m - 2 scrolls of enchant armour
 r - a scroll of noise
 x - a scroll of brand weapon
 B - 2 scrolls of fog
 F - a scroll of enchant weapon
Potions
 f - 2 potions of resistance
 h - 2 potions of magic
 i - 2 potions of brilliance
 n - a potion of might
 p - a potion of berserk rage {unknown}
 q - 4 potions of degeneration
 s - a potion of attraction {unknown}
 w - a potion of invisibility {unknown}
 z - a potion of ambrosia {unknown}
 E - 2 potions of mutation
 H - 2 potions of enlightenment {unknown}
 I - a potion of haste {unknown}


   Skills:
 + Level 12.8 Fighting
 + Level 10.8 Dodging
 + Level 11.5 Unarmed Combat
 + Level 8.3 Evocations


You had 11 spell levels left.
You didn't know any spells.
Your spell library contained the following spells:

 Spells                   Type           Power      Damage    Failure   Level
 Magic Dart               Conj           0%         1d3       47%         1
 Necrotise                Necr           0%         1d4       47%         1
 Sting                    Tmut/Pois      0%         1d3       47%         1
 Poisonous Vapours        Pois/Air       0%         N/A       61%         2
 Searing Ray              Conj           0%         2d4       61%         2
 Hailstorm                Conj/Ice       0%         3d3       83%         3
 Inner Flame              Hex/Fire       0%         N/A       83%         3
 Vampiric Draining        Necr           0%         2d6       83%         3
 Flame Wave               Conj/Fire      0%         2d4       99%         4
 Fulminant Prism          Conj/Hex       0%         3d5       99%         4
 Olgreb's Toxic Radiance  Pois           0%         N/A       99%         4
 Sticky Flame             Conj/Fire      0%         2d3       99%         4
 Agony                    Necr           0%         N/A       100%        5
 Summon Ice Beast         Ice/Summ       Unusable   N/A       N/A         4
 Simulacrum               Ice/Necr       Unusable   N/A       N/A         6

Dungeon Overview and Level Annotations

Branches:
Dungeon (11/15)            Temple (1/1) D:4            Lair (2/5) D:11
    Orc (2/2) D:10            Elf (0/3) Orc:2
  Swamp: Lair:2-3    Shoals: Lair:2-3     Snake: Lair:2-3    Spider: Lair:2-3

Altars:
Ashenzari
Cheibriados
Dithmenos
Elyvilon
Gozag
Kikubaaqudgha
Makhleb
Nemelex Xobeh
Okawaru
Qazlal
Ru
Sif Muna
Trog
Uskayaw
Vehumet
Wu Jian
Xom
Zin
The Shining One

Shops:
D:4 *   D:8 =   Orc:2 :

Annotations:
D:2 1 runed translucent door, Crazy Yiuf
Orc:2 exclusion: oklob plant


Innate Abilities, Weirdness & Mutations

You can breathe blasts of scalding, opaque steam.
Your pale cyan-grey scales are hard. (AC +8)
You cannot fit into any form of body armour.
You are cold-blooded and may be slowed by cold attacks.
You are missing a hand.
You cannot be stealthy.
You are hated by all.
Your casting is slightly disrupted.
You are immune to the effects of steam.


Message History

You hit the elephant but do no damage.
The elephant is lightly wounded.
The elephant tramples you!
You stumble backwards!
You hit the elephant.
You tail-slap the elephant, but do no damage.
The elephant is lightly wounded.
The elephant barely misses you.
The elephant trunk-slaps you but does no damage.
You hit the elephant.
The elephant is moderately wounded.
The elephant tramples you!
* * * LOW HITPOINT WARNING * * *
You stumble backwards!
You punch the elephant!
The elephant is heavily wounded.
You hit the elephant but do no damage. You tail-slap the elephant.
The elephant is heavily wounded.
The elephant completely misses you. The elephant misses you.
You punch the elephant!
The elephant is heavily wounded.
You feel less exhausted. The elephant tramples you!
* * * LOW HITPOINT WARNING * * *
You stumble backwards!
You punch the elephant!
The elephant is severely wounded.
The elephant misses you.
The elephant trunk-slaps you but does no damage.
You hit the elephant but do no damage.
The elephant is severely wounded.
You hit the elephant but do no damage.
You tail-slap the elephant, but do no damage.
The elephant is severely wounded.
The elephant misses you.
The elephant trunk-slaps you but does no damage.
The komodo dragon is stunned by your conviction and fails to attack.
You hit the elephant.
The elephant is severely wounded.
The komodo dragon bites you!!
You die...

... ...# #.#........P.. .
##.............. #
##...............
#...##.............#
#...#.........§....
##@##.#.....#.§.#..
#lYP#.......#.§...#
##.##.P...[.#...... .+##
#.♣♣.......#.....#
....####†♣#...P....†.....
........♣..#.............
...........#............#
.♣......<.♣#............#
...........#......#.....#


You could see an elephant and a komodo dragon.

Vanquished Creatures
  A boulder beetle (Lair:1)
  2 catoblepae (Lair:1)
  2 two-headed ogres
  2 ugly things (D:11)
  6 elephants
  2 black mambas (Lair:1)
  A cane toad (Lair:1)
  An unseen horror (D:11)
  A kobold demonologist (D:6)
  A rime drake (D:11)
  A komodo dragon (Lair:1)
  3 polar bears
  2 hornets
  7 blink frogs (Lair:1)
  Sigmund (D:3)
  4 shadows
  2 wyverns (D:10)
  13 yaks
  2 steam dragons (D:9)
  Edmund (D:6)
  A warg (Orc:2)
  3 acid dragons
  A water moccasin (D:7)
  3 ice beasts
  11 orc warriors
  4 sky beasts
  3 black bears
  4 ogres
  5 wolves
  12 centaurs
  4 phantoms
  3 kobold brigands
  10 bullfrogs
  13 wights
  8 killer bees
  3 howler monkeys
  A jelly (D:6)
  11 orc priests
  A gnoll bouda (D:6)
  5 hounds
  Jessica (D:3)
  5 iguanas
  8 orc wizards
  5 hell rats (D:7)
  Robin (D:2)
  7 gnolls
  8 adders
  17 river rats (D:7)
  4 worms
  A dart slug (D:1)
  65 orcs
  4 endoplasms
  A giant cockroach (D:1)
  16 goblins
  4 hobgoblins
  5 jackals (D:3)
  15 kobolds
  5 quokkas
  4 ball pythons
  6 bats
  A frilled lizard (D:1)
  7 rats
351 creatures vanquished.

Vanquished Creatures (collateral kills)
  2 orcs (D:10)
  A kobold (D:8)
3 creatures vanquished.

Vanquished Creatures (others)
  Nergalle (D:10)
  An elephant (D:11)
  A wight (D:8)
3 creatures vanquished.

Grand Total: 357 creatures vanquished

Notes
Turn   | Place    | Note
-------+----------+-------------------------------------------
     0 | D:1      | Arex the Draconian Fighter began the quest for the Orb.
     0 | D:1      | Reached XP level 1. HP: 19/19 MP: 1/1
   120 | D:1      | Found a faded altar of an unknown god.
   229 | D:1      | Reached XP level 2. HP: 26/26 MP: 2/2
   656 | D:2      | Reached XP level 3. HP: 16/33 MP: 3/3
   990 | D:2      | Noticed Robin
  1000 | D:2      | Killed Robin
  1533 | D:2      | Found a runed translucent door.
  1534 | D:2      | Noticed Crazy Yiuf
  1798 | D:3      | Reached XP level 4. HP: 40/40 MP: 4/4
  1821 | D:3      | Reached skill level 4 in Fighting
  2057 | D:3      | Noticed Sigmund
  2104 | D:4      | Noticed a phantom
  2123 | D:4      | HP: 2/40 [phantom (5)]
  2124 | D:4      | Killed a phantom
  2125 | D:4      | Reached XP level 5. HP: 3/47 MP: 5/5
  2390 | D:4      | Found Wostrosh's Elemental Accessories.
  2449 | D:4      | Found a staircase to the Ecumenical Temple.
  2474 | Temple   | Entered the Ecumenical Temple
  2480 | Temple   | Became a worshipper of Ru the Awakened
  2523 | D:4      | Noticed a centaur
  2547 | D:4      | Killed a centaur
  2754 | D:4      | Reached XP level 6. HP: 49/53 MP: 6/6
  3177 | D:3      | Killed Sigmund
  3178 | D:3      | Reached skill level 5 in Fighting
  3532 | D:3      | Noticed Jessica
  3538 | D:3      | Killed Jessica
  3639 | D:3      | Your scales start taking on a pale cyan-grey colour.
  3639 | D:3      | Reached XP level 7. HP: 53/61 MP: 7/7
  3639 | D:3      | Gained mutation: You are immune to the effects of steam.
                  | [Pale Draconian growth]
  3855 | D:3      | Gained mutation: You are missing a hand. [Ru sacrifice]
  3855 | D:3      | Reached * piety under Ru
  3855 | D:3      | Reached ** piety under Ru
  3855 | D:3      | Reached *** piety under Ru
  4388 | D:5      | Entered Level 5 of the Dungeon
  4456 | D:5      | Reached skill level 6 in Fighting
  4456 | D:5      | Reached skill level 5 in Dodging
  4456 | D:5      | Reached skill level 5 in Unarmed Combat
  4760 | D:5      | Reached XP level 8. HP: 60/71 MP: 8/8
  5321 | D:6      | Reached skill level 7 in Fighting
  5542 | D:6      | Noticed a kobold demonologist
  5623 | D:6      | Found a radiant altar of Vehumet.
  5623 | D:6      | Found a glowing golden altar of the Shining One.
  5872 | D:6      | Noticed Edmund
  5887 | D:6      | Killed Edmund
  5888 | D:6      | Reached XP level 9. HP: 58/81 MP: 9/9
  6014 | D:6      | Gained mutation: Your casting is slightly disrupted. [Ru
                  | sacrifice]
  6090 | D:6      | Reached skill level 8 in Fighting
  6603 | D:6      | Noticed a red devil
  6603 | D:6      | Killed a kobold demonologist
  6951 | D:7      | Found the +2 ratskin cloak {*Rats rPois rN+ Str-1 Int-1
                  | Dex+1}
  7218 | D:7      | Reached skill level 9 in Fighting
  7431 | D:7      | Found a bloodstained altar of Trog.
  8220 | D:8      | Reached XP level 10. HP: 83/89 MP: 10/10
  8244 | D:8      | Found Xenur's Jewellery Boutique.
  8406 | D:8      | Found an ancient bone altar of Kikubaaqudgha.
  8495 | D:8      | Found a sparkling altar of Nemelex Xobeh.
  8621 | D:8      | Gained mutation: You cannot be stealthy. [Ru sacrifice]
  8621 | D:8      | Reached **** piety under Ru
  8985 | D:9      | Found a stormy altar of Qazlal.
  8993 | D:9      | Found a shimmering altar of Xom.
  9166 | D:9      | Reached skill level 1 in Evocations
  9173 | D:9      | Reached skill level 10 in Fighting
  9356 | D:9      | Found an ornate altar of the Wu Jian Council.
  9474 | D:9      | Noticed a two-headed ogre
  9477 | D:9      | Killed a two-headed ogre
  9721 | D:10     | Entered Level 10 of the Dungeon
  9808 | D:10     | Found a staircase to the Orcish Mines.
 10333 | D:10     | Reached XP level 11. HP: 83/101 MP: 11/11
 10628 | D:10     | Found a shadowy altar of Dithmenos.
 11000 | D:10     | Noticed Nergalle
 11004 | D:10     | Killed Nergalle
 11005 | D:10     | Reached skill level 11 in Fighting
 11242 | D:10     | Reached skill level 5 in Evocations
 11255 | D:10     | Gained mutation: You are hated by all. [Ru sacrifice]
 11255 | D:10     | Reached ***** piety under Ru
 11482 | D:11     | Reached skill level 10 in Unarmed Combat
 11547 | D:11     | Noticed a two-headed ogre
 11680 | D:11     | Killed a two-headed ogre
 11815 | D:11     | Found a staircase to the Lair.
 11888 | D:11     | Noticed a green ugly thing
 11888 | D:11     | Noticed a red ugly thing
 11894 | D:11     | Killed a green ugly thing
 11901 | D:11     | Killed a red ugly thing
 13348 | Lair:1   | Entered Level 1 of the Lair of Beasts
 13550 | D:11     | Reached skill level 10 in Dodging
 13723 | Lair:1   | Reached skill level 12 in Fighting
 13734 | Lair:1   | Reached XP level 12. HP: 48/112 MP: 12/12
 13930 | Lair:1   | Noticed a boulder beetle
 13937 | Lair:1   | Killed a boulder beetle
 14874 | Lair:1   | Noticed a catoblepas
 14935 | Lair:1   | Killed a catoblepas
 14982 | Lair:1   | Noticed a catoblepas
 15463 | Orc:1    | Entered Level 1 of the Orcish Mines
 15939 | Orc:2    | Entered Level 2 of the Orcish Mines
 15950 | Orc:2    | Found Myacopiu's Book Shoppe.
 15952 | Orc:2    | Found a staircase to the Elven Halls.
 16038 | D:8      | Bought the ring "Noxzofes" {Slay+4 SInv} for 1070 gold
                  | pieces
 16333 | Lair:1   | Killed a catoblepas
 17144 | Lair:2   | Slain by a komodo dragon

Illustrated notes

Levels and vault maps discovered:
D:1:      amcnicky_arrival_blooded_trapdoor, layout_basic,
          hellmonk_ecumenical_altar_blasted
D:2:      layout_basic, serial_forest, infiniplex_forest_clump_cross,
          infiniplex_forest_clump_small, infiniplex_forest_clump_curved,
          infiniplex_forest_straight_2, kennysheep_boxes, uniq_robin,
          uniq_crazy_yiuf_cottage
D:3:      layout_basic, nicolae_grassy_gnolls, uniq_sigmund, uniq_jessica
D:4:      layout_loops_ring, minmay_temple_entry_slanted,
          nicolae_elemental_shop, kennysheep_donut, serial_bayou_crossing
D:5:      layout_gridville, reono_crystal_passage, minmay_splitting_lines,
          minmay_misc_feat_tiny, minmay_misc_feat_diagonals
D:6:      minmay_chambers_of_fours, layout_loops_ring,
          nicolae_overflow_hidden_temple, corexii_leaking_fountain,
          kennysheep_generic_room_10, uniq_edmund
D:7:      wander_guarded_unrand_ratskin, layout_basic,
          trog_three_pillars_becter, enter_bailey_3, dk_noncrumbling_3
D:8:      layout_basic, mainiacjoe_overflow_catch_the_wave, serial_shops, shop
D:9:      layout_roguey, mainiacjoe_overflow_big_doors,
          mainiacjoe_overflow_cross_hatched
D:10:     layout_gridville, kennysheep_mini_moat, orc_0_dummy, st_stairs_11,
          uniq_nergalle
D:11:     layout_gridville, hellmonk_lair_entry_icy, special_room
          [special_room_orc]
Temple:   nicolae_temple_no_exploring_needed
Lair:1:   layout_cellular_growth
Lair:2:   layout_long_grid, grunt_megastairs_1, uniq_sonja
Orc:1:    layout_caves, serial_shops, uniq_gastronok
Orc:2:    kennysheep_orc_mage_school, layout_diamond_mine, serial_shops,
          nicolae_shop_tiny_glass, mines3_lemuel

Skill      XL: |  1  2  3  4  5  6  7  8  9 10 11 12 |
---------------+-------------------------------------+-----
Dodging        | 3 4 5 6 7 9 10 | 10.8
Fighting       | 4 5 6 7 9 10 12 | 12.8
Unarmed Combat | 3 4 5 6 8 9 10 11 | 11.5
Shields        | 4 0 |  0.0
Evocations     | 4 7 8 |  8.3

Action                     |  1- 3 |  4- 6 |  7- 9 | 10-12 || total
---------------------------+-------+-------+-------+-------++-------
  Melee: Unarmed           |   118 |   194 |   335 |   602 ||  1249
         Tailslap          |     8 |    20 |    55 |    98 ||   181
 Invoke: Sacrifice a Hand  |       |       |     1 |       ||     1
         Sacrifice Essence |       |       |     1 |       ||     1
         Sacrifice Stealth |       |       |       |     1 ||     1
         Apocalypse        |       |       |       |     1 ||     1
         Sacrifice Love    |       |       |       |     1 ||     1
         Power Leap        |       |       |       |     1 ||     1
         Reject Sacrifices |       |       |       |     1 ||     1
Ability: Breathe Steam     |       |       |    38 |    59 ||    97
  Evoke: Wand              |       |       |       |    22 ||    22
    Use: Potion            |     1 |     2 |     1 |     4 ||     8
         Scroll            |     1 |       |     7 |     7 ||    15
   Stab: Sleeping          |       |     1 |     1 |       ||     2
         Paralysed         |       |       |     2 |    13 ||    15
         Distracted        |       |       |     1 |     1 ||     2
         Invisible         |       |       |     1 |     4 ||     5
 Armour: Skin              |    57 |   112 |   152 |   435 ||   756
  Dodge: Dodged            |    49 |   111 |   193 |   550 ||   903
  Block: Buckler           |    19 |    51 |    11 |       ||    81

Table legend: (Time is in decaauts)
 A = Elapsed time spent in this place.
 B = Non-inter-level travel time spent in this place.
 C = Inter-level travel time spent in this place.
 D = Time resting spent in this place.
 E = Time spent auto-exploring this place.
 F = Levels seen in this place.
 G = Mean time per level.
                   A        B        C        D        E       F      G
               +--------+--------+--------+--------+--------+-----+--------+
         Total |  17013 |  15849 |   1164 |   4492 |   8728 |  16 | 1063.3 |
       Dungeon |  14000 |  12992 |   1008 |   2984 |   7802 |  11 | 1272.7 |
        Temple |     12 |      2 |     10 |      0 |      0 |   1 |   12.0 |
          Lair |   2797 |   2692 |    105 |   1508 |    810 |   2 | 1398.5 |
  Orcish Mines |    203 |    163 |     40 |      0 |    116 |   2 |  101.5 |
               +--------+--------+--------+--------+--------+-----+--------+

Top non-repeatable levels by time:
  Lair:1: 2686 daAuts
    D:10: 2347 daAuts
    D:11: 1893 daAuts
     D:7: 1513 daAuts
     D:6: 1378 daAuts
     D:3: 1299 daAuts
     D:4: 1267 daAuts
     D:2: 1195 daAuts
     D:5: 911 daAuts
     D:9: 862 daAuts
     D:8: 719 daAuts
     D:1: 612 daAuts
   Orc:1: 167 daAuts
  Lair:2: 110 daAuts
   Orc:2: 36 daAuts
